 Dungeon Crawl Stone Soup version 0.30-a0-824-g6c64550be9 (webtiles) character file.

Game seed: 12227254838196222600

141 CowFu the Digger (level 4, -1/35 HPs)
             Began as a Demigod Earth Elementalist on Feb 27, 2023.
             Slain by a ball python (3 damage)
             ... on level 3 of the Dungeon.
             The game lasted 00:02:21 (2435 turns).

CowFu the Digger (Demigod Earth Elementalist)       Turns: 2435, Time: 00:02:22

Health: -1/35      AC:  2    Str:  9    XL:     4   Next: 73%
Magic:  9/10       EV:  9    Int: 21    God:
Gold:   130        SH:  0    Dex: 14    Spells: 3/7 levels left

rFire   . . .      SeeInvis .    r - +1 trident (vamp)
rCold   . . .      Faith    .    (no shield)
rNeg    . . .      Spirit   .    a - +0 robe
rPois   .          Reflect  .    (no helmet)
rElec   .          Harm     .    (no cloak)
rCorr   .          Rampage  .    (no gloves)
Will    .....                    (no boots)
Stlth   ++                       (no amulet)
HPRegen 0.25/turn                (no ring)
MPRegen 0.12/turn                (no ring)

@: constricted
A: high MP 1, forlorn, divine attributes
a: no special abilities


You were on level 3 of the Dungeon.
You visited 1 branch of the dungeon, and saw 4 of its levels.

You collected 130 gold pieces.

Inventory:

Hand Weapons
 q - a +0 dagger
 r - a +1 vampiric trident (weapon)
Armour
 a - a +0 robe (worn)
Jewellery
 p - a ring of protection from fire
Scrolls
 d - 2 scrolls of vulnerability {unknown}
 f - a scroll of poison {unknown}
 g - a scroll of acquirement {unknown}
 h - 3 scrolls of amnesia {unknown}
 j - a scroll of identify {unknown}
 l - a scroll of noise {unknown}
 m - a scroll of fog {unknown}
 o - a scroll of immolation {unknown}
Potions
 b - 2 potions of magic
 c - 3 potions of lignification {unknown}
 e - a potion of berserk rage {unknown}
 i - a potion of curing {unknown}
 k - 2 potions of mutation {unknown}
 n - a potion of might {unknown}


   Skills:
 + Level 1.6 Fighting
 + Level 2.7 Dodging
 - Level 1.7 Stealth
 + Level 2.4 Spellcasting
 - Level 0.8 Transmutations
 * Level 3.9 Earth Magic


You had 3 spell levels left.
You knew the following spells:

 Your Spells              Type           Power      Damage    Failure   Level
a - Sandblast             Erth           36%        2d10      2%          1
b - Stone Arrow           Conj/Erth      20%        3d8       19%         3

Your spell library contained the following spells:

 Spells                   Type           Power      Damage    Failure   Level
 Passwall                 Tmut/Erth      10%        N/A       9%          2
 Hailstorm                Conj/Ice       2%         3d3       38%         3
 Petrify                  Tmut/Erth      12%        N/A       47%         4
 Ice Form                 Ice/Tmut       4%         N/A       75%         4
 Simulacrum               Ice/Necr       1%         N/A       100%        6


Dungeon Overview and Level Annotations

Branches:
Dungeon (4/15)
 Temple: D:4-7


Innate Abilities, Weirdness & Mutations

You have an increased reservoir of magic. (+10% MP)
You shall have no god before yourself.
Your divine heritage dramatically boosts your attributes as you level up.


Message History

Beogh smites you!
There are monsters nearby!
You hit the orc.
The orc is almost dead.
The orc misses you.
The blast of sand hits the orc!
You kill the orc!
The ball python barely misses you. x2; The orc priest hits you with a +0 club.
There are monsters nearby!
You puncture the orc priest!
The orc priest is heavily wounded.
The ball python closely misses you. The ball python barely misses you. x2
The ball python misses you.
The orc priest calls down the wrath of Beogh upon you.
Beogh smites you!
* * * LOW HITPOINT WARNING * * *
You are too injured to fight recklessly!
There are monsters nearby!
You are too injured to fight recklessly!
There are monsters nearby!
You are too injured to fight recklessly!
You are too injured to fight recklessly!
You are too injured to fight recklessly!
You hit the orc priest but do no damage.
The orc priest is heavily wounded.
The ball python closely misses you. The ball python grabs you.
The ball python constricts you. The orc priest hits you with a +0 club.
* * * LOW HITPOINT WARNING * * *
The ball python closely misses you. The ball python constricts you.
You closely miss the orc priest.
The orc priest is heavily wounded.
The orc priest hits you with a +0 club.
* * * LOW HITPOINT WARNING * * *
The ball python bites you.
* * * LOW HITPOINT WARNING * * *
The ball python constricts you.
You puncture the orc priest!
You kill the orc priest!
The ball python bites you.
You die...

..........# ..........#
..........######
.................
#................
#......).........
.......)S.......
.#######.......)@........
.#.....#...........#.###
.#._.<.#K...........(#
.#.....#..########...######
.#######..# #.#......# ##
#.#......# #...####.#
###..###.#######
#......#.#....


You could see a ball python.

Vanquished Creatures
  3 orc priests (D:3)
  An orc wizard (D:4)
  A dart slug (D:2)
  6 orcs (D:3)
  A ball python (D:1)
  4 bats
  5 endoplasms
  A giant cockroach (D:1)
  2 goblins (D:2)
  8 hobgoblins
  3 quokkas
  4 frilled lizards
  6 kobolds
  6 rats
51 creatures vanquished.

Notes
Turn   | Place    | Note
-------+----------+-------------------------------------------
     0 | D:1      | CowFu the Demigod Earth Elementalist began the quest for
                  | the Orb.
     0 | D:1      | Reached XP level 1. HP: 14/14 MP: 5/5
     2 | D:1      | Noticed a demigod
     2 | D:1      | Noticed a formicid
     4 | D:1      | Noticed a minotaur
     4 | D:1      | Noticed an ogre
     6 | D:1      | Noticed a vine stalker
     6 | D:1      | Noticed a troll
     8 | D:1      | Noticed a naga
    10 | D:1      | Noticed a gargoyle
    10 | D:1      | Noticed a merfolk
    12 | D:1      | Noticed a ghoul
    14 | D:1      | Noticed a vampire
    14 | D:1      | Noticed a tengu
    16 | D:1      | Noticed a human
    16 | D:1      | Noticed an octopode
    18 | D:1      | Noticed an elf
    20 | D:1      | Noticed a felid
    20 | D:1      | Noticed a demonspawn
    22 | D:1      | Noticed a draconian
    22 | D:1      | Noticed a spriggan
    24 | D:1      | Noticed an armataur
    24 | D:1      | Noticed a felid
    26 | D:1      | Noticed a ghoul
    26 | D:1      | Noticed a felid
   434 | D:1      | Reached skill level 3 in Earth Magic
   434 | D:1      | Reached XP level 2. HP: 22/22 MP: 5/7
  1317 | D:2      | Reached XP level 3. HP: 27/27 MP: 4/8
  1537 | D:2      | Reached skill level 1 in Fighting
  2095 | D:3      | Reached XP level 4. HP: 17/35 MP: 8/10
  2400 | D:4      | Learned a level 3 spell: Stone Arrow
  2435 | D:3      | Slain by a ball python

Illustrated notes

Levels and vault maps discovered:
D:1:      kb_arrival_jail, layout_loops_ring, minmay_strange_pillars,
          minmay_pentomino_o2
D:2:      layout_loops_ring, basic_altar
D:3:      layout_basic, nicolae_ecumenical_oubliette, serial_shops, shop,
          nicolae_shop_crystal, nicolae_shop_advertising_works
          [nicolae_subvault_shop_adworks], nicolae_square_shop, shop,
          st_stairs_11, uniq_robin
D:4:      nicolae_cairo_tiling_large_dashed, layout_loops_ring,
          grunt_dithmenos_smoke, regret_index_temple_of_mockery,
          makhleb_altar_promises_db, minmay_close_crescents

Skill      XL: |  1  2  3 |
---------------+----------+-----
Dodging        | 2 |  2.7
Earth Magic    | 3 |  3.9
Spellcasting   | 2 |  2.4
Fighting       | 1 |  1.6
Stealth        | |  1.7
Transmutations | |  0.8

Action                     |  1- 3 |  4- 6 || total
---------------------------+-------+-------++-------
  Melee: Unarmed           |    16 |       ||    16
         Trident           |       |     5 ||     5
   Cast: Sandblast         |    58 |    12 ||    70
 Armour: Robe              |     6 |       ||     6
  Dodge: Dodged            |    22 |    15 ||    37

Table legend: (Time is in decaauts)
 A = Elapsed time spent in this place.
 B = Non-inter-level travel time spent in this place.
 C = Inter-level travel time spent in this place.
 D = Time resting spent in this place.
 E = Time spent auto-exploring this place.
 F = Levels seen in this place.
 G = Mean time per level.
                   A        B        C        D        E       F      G
               +--------+--------+--------+--------+--------+-----+--------+
         Total |   2471 |   2384 |     87 |      0 |   2081 |   4 |  617.8 |
       Dungeon |   2471 |   2384 |     87 |      0 |   2081 |   4 |  617.8 |
               +--------+--------+--------+--------+--------+-----+--------+

Top non-repeatable levels by time:
     D:1: 1131 daAuts
     D:2: 786 daAuts
     D:4: 292 daAuts
     D:3: 260 daAuts
